 Dungeon Crawl Stone Soup version 0.32-a0-12-g7fc57aa741 (webtiles) character file.

Game seed: 8076142158998129431

362 timneilson the Ruffian (level 6, -5/42 HPs)
             Began as an Octopode Shapeshifter on Jan 14, 2024.
             Slain by a hound (6 damage)
             ... on level 4 of the Dungeon.
             The game lasted 00:05:05 (2118 turns).

timneilson the Ruffian (Octopode Shapeshifter)      Turns: 2118, Time: 00:05:06

Health: -5/42      AC:  1    Str: 16    XL:     6   Next: 66%
Magic:  6/6        EV: 13    Int: 12    God:
Gold:   138        SH:  0    Dex: 11    Spells: 5/5 levels left

rFire   . .          .
                       - Unarmed
rCold   . . .        (no shield)
rNeg    . . .        (helmet currently unavailable)
rPois   .            (no amulet)
rElec   .            (no ring)
rCorr   .            (no ring)
SInv    .            (no ring)
Will    .....        (no ring)
Stlth   +++          (no ring)
HPRegen 0.27/turn    (no ring)
MPRegen 0.10/turn    (no ring)
                     (no ring)

%: no passive effects
@: mighty, beast-form
A: beast (slay +2), almost no armour, amphibious, 8 rings, camouflage 1,
gelatinous body 1, (nimble swimmer 1), tentacles
a: Begin Untransformation


You were on level 4 of the Dungeon.
You were a hulking beast.
You visited 1 branch of the dungeon, and saw 4 of its levels.

You collected 138 gold pieces.

Inventory:

Jewellery
 h - a ring of magical power
Talismans
 b - a beast talisman
 c - a flux talisman
Scrolls
 e - a scroll of summoning {unknown}
 k - a scroll of blinking
Potions
 a - a potion of lignification
 d - a potion of attraction {unknown}
 i - 3 potions of enlightenment
 m - a potion of might


   Skills:
 * Level 3.1 Fighting
 * Level 3.6 Dodging
 + Level 2.8 Stealth
 * Level 4.2 Unarmed Combat
 * Level 4.1 Shapeshifting


You had 5 spell levels left.
You didn't know any spells.
Your spell library contained the following spells:

 Spells                   Type           Power      Damage    Failure   Level
 Ensorcelled Hibernation  Hex/Ice        0%         N/A       45%         2
 Mercury Vapours          Alch/Air       0%         N/A       45%         2
 Fugue of the Fallen      Necr           0%         N/A       69%         3
 Mephitic Cloud           Conj/Alch/Air  0%         N/A       69%         3
 Anguish                  Hex/Necr       0%         N/A       97%         4
 Freezing Cloud           Conj/Ice/Air   0%         6-21      100%        5


Dungeon Overview and Level Annotations

Branches:
Dungeon (4/15)
 Temple: D:4-7

Altars:
Nemelex Xobeh

Annotations:
D:4 3 runed translucent doors, 0gre's ghost, novice GnIE


Innate Abilities, Weirdness & Mutations

You are a hulking beast.
Your limbs bulge with bestial killing power. (Slay +2)
You cannot wear most types of armour.
You are amphibious.
You can wear up to eight rings at the same time.
Your skin changes colour to match your surroundings (Stealth+).
Your rubbery body absorbs attacks. (AC +1, EV +1)
((You are camouflaged when in or above water. (Stealth+)))
You have tentacles for arms and can constrict up to eight enemies at once.


Message History

You barely miss the orc. You squeeze the orc.
You kill the orc!
You tentacle-slap the endoplasm.
You tentacle-slap the endoplasm, but do no damage.
You squeeze the endoplasm.
You kill the endoplasm!
An orc priest comes into view. It is wielding a +0 dagger.
The orc wizard hits you with a +0 dagger.
You see here a +0 club.
You completely miss the orc wizard. Your grab misses the orc wizard.
Your squeeze misses the orc wizard. The orc wizard barely misses you.
The orc priest mumbles some strange prayers to Beogh against you.
Beogh smites you! The orc hits you with a +0 dagger.
You barely miss the orc wizard. Your grab misses the orc wizard.
You squeeze the orc wizard.
The orc wizard is moderately wounded.
The orc priest miscasts a cantrip.
The orc wizard hits you with a +0 dagger.
The orc hits you with a +0 dagger.
You tentacle-slap the orc wizard. You grab the orc wizard.
The orc wizard is moderately wounded.
You constrict the orc wizard. The orc hits you but does no damage.
The orc wizard hits you with a +0 dagger.
You tentacle-slap the orc wizard.
The orc wizard is severely wounded.
You constrict the orc wizard. The orc misses you.
The orc wizard hits you with a +0 dagger.
* * * LOW HITPOINT WARNING * * *
Unknown command.
You tentacle-slap the orc wizard.
You kill the orc wizard!
An orc comes into view. It is wielding a +0 hand axe.
The orc hits you with a +0 dagger.
* * * LOW HITPOINT WARNING * * *
The orc priest looks satisfied for a moment.
You feel very mighty all of a sudden. The hound barely misses you.
The orc hits you with a +0 dagger.
* * * LOW HITPOINT WARNING * * *
The hound bites you.
You die...

#..#...######
...+............
...+...######..#
..g+...# #..# #.W#...#
#..# .(o#...# #..#
####...# #..#
.......######..####.###.
................hho...o.
.........).###.##o......
#.########.# #.# .#..###
#. #.# #.# .# .# # #.#
#.. .# # ... ... .. .).
##.#.# ##.. .#.# ![#..


You could see a hound, an orc priest and 2 orcs.

Vanquished Creatures
  Sigmund (D:2)
  A howler monkey (D:4)
  An orc priest (D:4)
  An orc wizard (D:4)
  3 adders
  3 dart slugs
  A ribbon worm (D:3)
  8 orcs
  3 endoplasms
  2 giant cockroaches
  5 goblins
  3 hobgoblins
  6 jackals (D:1)
  A quokka (D:1)
  7 ball pythons
  6 bats
  2 frilled lizards
  8 kobolds
  5 rats
67 creatures vanquished.

Notes
Turn   | Place    | Note
-------+----------+-------------------------------------------
     0 | D:1      | timneilson the Octopode Shapeshifter began the quest for
                  | the Orb.
     0 | D:1      | Reached XP level 1. HP: 13/13 MP: 1/1
    42 | D:1      | Reached XP level 2. HP: 18/18 MP: 2/2
   359 | D:1      | Reached XP level 3. HP: 21/21 MP: 3/3
   599 | D:2      | Reached skill level 1 in Stealth
   775 | D:2      | Noticed Sigmund
   789 | D:2      | Killed Sigmund
   790 | D:2      | Reached XP level 4. HP: 16/30 MP: 4/4
   790 | D:2      | Reached XP level 5. HP: 19/35 MP: 5/5
  1301 | D:3      | Found a sparkling altar of Nemelex Xobeh.
  1477 | D:3      | Reached XP level 6. HP: 39/41 MP: 6/6
  2070 | D:4      | Found a runed translucent gate.
  2070 | D:4      | Found a runed translucent gate.
  2071 | D:4      | Found a runed translucent gate.
  2078 | D:4      | Noticed 0gre's ghost (novice GnIE)
  2118 | D:4      | HP: 1/42 [orc/+0 dagger (5)]
  2118 | D:4      | Slain by a hound

Illustrated notes

Levels and vault maps discovered:
D:1:      heliophobic_arrival_henge, layout_rooms
D:2:      wander_river, layout_basic, uniq_sigmund
D:3:      layout_loops_cross, mainiacjoe_overflow_six_doors_small
D:4:      layout_loops_ring, gammafunk_ghost_split, due_unseen_surprise

Skill      XL: |  1  2  3  4  5  6 |
---------------+-------------------+-----
Stealth        | 2 |  2.8
Fighting       | 2 3 |  3.1
Dodging        | 3 |  3.6
Unarmed Combat | 4 |  4.2
Shapeshifting  | 4 |  4.1

Action                     |  1- 3 |  4- 6 || total
---------------------------+-------+-------++-------
  Melee: Unarmed           |    58 |    79 ||   137
         Constrict         |    16 |    16 ||    32
         Tentacles         |    13 |    12 ||    25
         Punch             |     1 |     1 ||     2
    Use: Scroll            |     3 |     6 ||     9
         Potion            |       |     3 ||     3
   Stab: Sleeping          |     5 |     9 ||    14
 Armour: Skin              |    23 |    44 ||    67
  Dodge: Dodged            |    35 |    40 ||    75

Table legend: (Time is in decaauts)
 A = Elapsed time spent in this place.
 B = Non-inter-level travel time spent in this place.
 C = Inter-level travel time spent in this place.
 D = Time resting spent in this place.
 E = Time spent auto-exploring this place.
 F = Levels seen in this place.
 G = Mean time per level.
                   A        B        C        D        E       F      G
               +--------+--------+--------+--------+--------+-----+--------+
         Total |   2108 |   2024 |     84 |     25 |   1421 |   4 |  527.0 |
       Dungeon |   2108 |   2024 |     84 |     25 |   1421 |   4 |  527.0 |
               +--------+--------+--------+--------+--------+-----+--------+

Top non-repeatable levels by time:
     D:2: 748 daAuts
     D:3: 581 daAuts
     D:1: 517 daAuts
     D:4: 260 daAuts
